 Dungeon Crawl Stone Soup version 0.31-a0-627-gd65175cf8b (webtiles) character file.

Game seed: 16531977388897124707

18131 GordonOverkill the Basher (level 11, -17/58 (62) HPs)
             Began as a Vine Stalker Delver on Aug 25, 2023.
             Was a High Priest of Ru.
             Demolished by a minotaur
             ... wielding a +4 great sword of protection
              (25 damage)
             ... in a Gauntlet.
             The game lasted 00:34:42 (10903 turns).

GordonOverkill the Basher (Vine Stalker Delver)    Turns: 10903, Time: 00:34:43

HP:   -17/58 (62)   AC: 24    Str: 23    XL:     11   Next: 55%
MP:   0/12          EV:  4    Int:  7    God:    Ru [*****.]
Gold: 881           SH:  0    Dex: 15    Spells: 10/10 levels left

rFire   + . .        C - +7 mace (venom)
rCold   + . .        (no shield)
rNeg    + . .        v - +2 gold dragon scales of Idealism {rPois rF+ rC+ rN+}
rPois   +            H - +2 helmet
rElec   .            q - +0 cloak
rCorr   .            e - +2 pair of gloves
SInv    .            (no boots)
Will    ++...        (no amulet) Stlth
                     r - ring of flight
HPRegen 1.09/turn    t - ring of willpower
MPRegen 0.13/turn

%: no teleportation, guardian spirit
@: mighty, exhausted, flying, studying Short Blades, drained
A: fangs 3, regeneration 1, magic shield, antimagic bite, no potion heal 2,
hated by all, no fire magic, no hexes magic, no summoning magic, unskilled 1,
inexperienced 1, dopey 1, strong 1
a: Renounce Religion, Draw Out Power, Power Leap, Apocalypse


You were in a Gauntlet.
You worshipped Ru.
Ru was extremely pleased with you.
You visited 2 branches of the dungeon, and saw 12 of its levels.
You also visited: Bailey and Gauntlet.

You collected 881 gold pieces.

Inventory:

Hand Weapons
 h - a +1 short sword of holy wrath
 i - a +2 dagger of speed
 C - a +7 mace of venom (weapon)
Missiles
 u - 7 curare-tipped darts (quivered)
 y - 10 boomerangs
Armour
 e - a +2 pair of gloves (worn)
 q - a +0 cloak (worn)
 v - the +2 gold dragon scales of Idealism (worn) {rPois rF+ rC+ rN+}
   (You found it in a Gauntlet)

   rF+:       It protects you from fire.
   rC+:       It protects you from cold.
   rPois:     It protects you from poison rN+: It protects you from negative
   energy.
 H - a +2 helmet (worn)
 I - +0 acid dragon scales
 K - a +1 chain mail of fire resistance
 N - a scarf of invisibility
Magical Staves
 B - a staff of poison
 E - a staff of cold
Jewellery
 r - a ring of flight (left hand)
 t - a ring of willpower (right hand)
 w - a ring of positive energy
 z - the ring of Leofiuf {*Slow rPois rN+ rCorr Stlth+}
   (You found it in a Gauntlet)

   [ring of resist corrosion]

   rPois:     It protects you from poison rN+: It protects you from negative
   energy.
   rCorr:     It protects you from acid and corrosion.
   *Slow:     It may slow you when you take damage.
   Stlth+:    It makes you more stealthy.
Wands
 g - a wand of digging (2)
 L - a wand of roots (2)
Scrolls
 a - a scroll of poison
 c - 2 scrolls of fog
 k - 10 scrolls of teleportation
 l - a scroll of immolation {unknown}
 m - 3 scrolls of enchant weapon
 s - a scroll of acquirement {unknown}
 x - a scroll of butterflies
 A - a scroll of torment {unknown}
 D - a scroll of silence {unknown}
 G - a scroll of vulnerability {unknown}
Potions
 f - a potion of ambrosia
 j - 3 potions of curing
 n - a potion of brilliance
 o - 4 potions of attraction
 F - a potion of degeneration {unknown}


   Skills:
 - Level 9.0 Fighting
 - Level 3.0 Short Blades
 + Level 11.9 Maces & Flails
 + Level 3.1 Throwing
 - Level 5.0 Armour
 - Level 2.0 Dodging
 - Level 5.4 Stealth
 - Level 5.0 Evocations


You had 10 spell levels left.
You didn't know any spells.
Your spell library contained the following spells:

 Spells                   Type           Power      Damage    Failure   Level
 Magic Dart               Conj           0%         1d3       100%        1
 Necrotise                Necr           0%         1d4       100%        1
 Searing Ray              Conj           0%         2d4       100%        2
 Fulminant Prism          Conj/Hex       Unusable   3d5       N/A         4

Dungeon Overview and Level Annotations

Branches:
Dungeon (11/15)            Temple (0/1) D:4            Lair (1/5) D:10
    Orc (0/2) D:10         Bailey (visited)         Gauntlet (1/1)

Altars:
Ashenzari
Kikubaaqudgha
Makhleb
Nemelex Xobeh
Ru
Sif Muna
Vehumet
Wu Jian

Annotations:
D:6 Jeremiah Gauntlet 12 transporters, exclusion: lightning spire


Innate Abilities, Weirdness & Mutations

You have razor-sharp teeth.
Your natural rate of healing is unusually fast.
When hurt, damage is shared between your health and your magic reserves.
Your bite disrupts and absorbs the magic of your enemies.
Potions cannot restore your health.
You are hated by all.
You cannot study or cast Fire magic.
You cannot study or cast Hexes magic.
You cannot study or cast Summoning magic.
You are somewhat unskilled. (-1 Apt)
You are somewhat inexperienced. (-1 XL)
You are dopey. (Int -2)
Your muscles are strong. (Str +4, Int/Dex -1)


Message History

Found a gate leading back out of this place.
You feel very mighty all of a sudden.
The minotaur bellows!
There is an open door here.
You hit the minotaur but do no damage.
You bite the minotaur, but do no damage.
The minotaur hits you with a +4 great sword of protection!!
The minotaur gores you but does no damage.
You hit the minotaur but do no damage.
The minotaur is poisoned.
You sock the minotaur!
The minotaur looks as sick as possible!
You bite the minotaur! You drain its power.
You feel invigorated.
The minotaur is moderately wounded.
The minotaur hits you with a +4 great sword of protection!!
* * * LOW HITPOINT WARNING * * *
The minotaur gores you but does no damage.
You are restored by drawing out deep reserves of power within.
You feel drained.
The minotaur hits you with a +4 great sword of protection!
The minotaur gores you but does no damage.
You hit the minotaur but do no damage.
The minotaur looks as sick as possible!
Your bite misses the minotaur.
The minotaur is moderately wounded.
The minotaur hits you with a +4 great sword of protection!!
* * * LOW HITPOINT WARNING * * *
The minotaur gores you.
* * * LOW HITPOINT WARNING * * *
Okay, then.
Okay, then.
Okay, then.
Okay, then.
You hit the minotaur but do no damage.
The minotaur looks as sick as possible!
You bite the minotaur. You drain its power.
You feel invigorated.
The minotaur is heavily wounded.
The minotaur hits you but does no damage.
The minotaur gores you!
* * * LOW HITPOINT WARNING * * *
You hit the minotaur but do no damage.
The minotaur looks as sick as possible!
The minotaur is heavily wounded.
The minotaur hits you with a +4 great sword of protection!!
You die...

###+## ##..⌠.# '⌠...#
...⌠+ ∩.. #H#
######@#######
#.............#
#.###.###.###.#
............#
#.###.###.###
#####.###.###.#####
#≈...............≈# ###
####8..©.©.©.©.©.©..8####
### #8#
#8##≈...............≈##8#
#8#


You could see a minotaur (extremely poisoned).

Vanquished Creatures
  Josephine (D:10)
  2 vault guards (Bailey)
  2 two-headed ogres
  The ghost of Vruhak the Unseen, a journeyman KoBr of Uskayaw (D:9)
  2 soul eaters (Gauntlet)
  Pikel (D:5)
  A moth of wrath (Gauntlet)
  2 black mambas (Lair:1)
  An unseen horror (D:10)
  A kobold demonologist (D:10)
  Maggie (D:9)
  A komodo dragon (Lair:1)
  A troll (D:11)
  A meliai (D:10)
  Grinder (D:5)
  Prince Ribbit (D:6)
  A hornet (D:10)
  Sigmund (D:3)
  3 wraiths (D:10)
  12 yaks
  A wyvern (D:9)
  7 humans (Bailey)
  4 redbacks (Gauntlet)
  A basilisk (D:11)
  A steam dragon (D:9)
  6 water moccasins
  5 orc warriors
  2 black bears
  2 ice beasts
  5 wolves (Lair:1)
  3 centaurs
  An ogre (D:5)
  A phantom (D:4)
  A lemure (D:5)
  6 kobold brigands
  2 gnoll sergeants
  A scorpion (D:10)
  17 bullfrogs
  5 wights (D:7)
  3 killer bees (D:10)
  An electric eel (D:7)
  5 howler monkeys
  6 hounds
  2 jellies
  2 orc priests
  2 sleepcaps
  2 iguanas (D:6)
  7 orc wizards
  7 gnolls
  9 adders
  8 shadow imps
  6 white imps
  2 worms
  4 dart slugs
  21 orcs
  9 endoplasms
  2 giant cockroaches
  9 hobgoblins
  3 jackals (D:1)
  8 ball pythons
  3 bats
  6 frilled lizards
  11 goblins
  43 kobolds
  7 rats
296 creatures vanquished.

Vanquished Creatures (others)
  A blink frog (Bailey)
  A wraith (D:10)
  A scorpion (D:5)
  A gnoll (D:9)
4 creatures vanquished.

Grand Total: 300 creatures vanquished

Notes
Turn   | Place    | Note
-------+----------+-------------------------------------------
     0 | D:5      | GordonOverkill the Vine Stalker Delver began the quest for
                  | the Orb.
     0 | D:5      | Reached XP level 1. HP: 11/11 MP: 2/2
     1 | D:6      | Noticed Jeremiah
     6 | D:5      | Noticed a sleepcap
     6 | D:5      | Noticed a hound
     9 | D:5      | Noticed a scorpion
    50 | D:5      | Noticed Pikel
    51 | D:5      | Noticed a lemure
    75 | D:5      | Noticed a lemure
    82 | D:5      | Noticed a lemure
    92 | D:5      | Noticed a lemure
   160 | D:3      | Reached XP level 2. HP: 16/16 MP: 3/3
   596 | D:3      | Reached skill level 1 in Armour
   596 | D:3      | Reached XP level 3. HP: 8/20 MP: 4/4
   973 | D:1      | Gained mutation: Your natural rate of healing is unusually
                  | fast. [Vine Stalker growth]
   973 | D:1      | Reached XP level 4. HP: 11/24 MP: 2/5
  1007 | D:1      | Found a faded altar of an unknown god.
  1015 | D:1      | Prayed at the altar of an unknown god.
  1015 | D:1      | Became a worshipper of Ru the Awakened
  1028 | D:1      | Gained mutation: You are somewhat unskilled. (-1 Apt) [Ru
                  | sacrifice]
  1028 | D:1      | Reduced skill Short Blades to level 1
  1028 | D:1      | Reduced skill Armour to level 1
  1028 | D:1      | Reduced skill Dodging to level 1
  1028 | D:1      | Reduced skill Stealth to level 5
  1028 | D:1      | Reached * piety under Ru
  1353 | D:2      | Reached skill level 1 in Evocations
  1808 | D:3      | Noticed Sigmund
  1825 | D:3      | Killed Sigmund
  1826 | D:3      | Reached XP level 5. HP: 29/29 MP: 6/6
  1826 | D:3      | Reached XP level 6. HP: 33/33 MP: 7/7
  2197 | D:4      | Found a broken altar of Ashenzari.
  2502 | D:4      | Reached XP level 7. HP: 37/38 MP: 8/8
  2509 | D:4      | Found a staircase to the Ecumenical Temple.
  2516 | D:4      | Reached skill level 5 in Fighting
  3449 | D:5      | Gained mutation: You cannot study or cast Fire magic. [Ru
                  | sacrifice]
  3449 | D:5      | Gained mutation: You cannot study or cast Hexes magic. [Ru
                  | sacrifice]
  3449 | D:5      | Gained mutation: You cannot study or cast Summoning magic.
                  | [Ru sacrifice]
  3449 | D:5      | Reached ** piety under Ru
  3700 | D:5      | Killed Pikel
  3701 | D:5      | Reached skill level 5 in Armour
  3701 | D:5      | Gained mutation: You have razor-sharp teeth. [Vine Stalker
                  | growth]
  3701 | D:5      | Reached XP level 8. HP: 41/43 MP: 9/9
  3793 | D:5      | Noticed Grinder
  3794 | D:5      | Gained mutation: You are dopey. (Int -2) [potion of
                  | mutation]
  3794 | D:5      | Gained mutation: Your muscles are strong. (Str +4, Int/Dex
                  | -1) [potion of mutation]
  3820 | D:5      | Killed Grinder
  4314 | D:6      | Reached skill level 1 in Throwing
  4314 | D:6      | Reached XP level 9. HP: 49/49 MP: 10/10
  4406 | D:6      | Found an ornate altar of the Wu Jian Council.
  4445 | D:6      | Noticed Prince Ribbit
  4482 | D:6      | Killed Prince Ribbit
  4724 | D:6      | Found a sparkling altar of Nemelex Xobeh.
  5785 | D:7      | Reached skill level 5 in Evocations
  6120 | D:8      | Noticed a two-headed ogre
  6129 | D:8      | HP: 1/50 [two-headed ogre/+0 giant club (8)]
  6130 | D:8      | Killed a two-headed ogre
  6131 | D:8      | Reached skill level 2 in Maces & Flails
  6131 | D:8      | Reached XP level 10. HP: 3/57 MP: 2/11
  6231 | D:8      | Gained mutation: You are somewhat inexperienced. (-1 XL)
                  | [Ru sacrifice]
  6231 | D:8      | Reached XP level 9. HP: 52/52 MP: 10/10
  6231 | D:8      | Reached *** piety under Ru
  6231 | D:8      | Reached **** piety under Ru
  6699 | D:8      | Found a burning altar of Makhleb.
  6930 | D:9      | Noticed Maggie
  6940 | D:9      | Killed Maggie
  6941 | D:9      | Reached skill level 3 in Maces & Flails
  7356 | D:9      | Reached skill level 4 in Maces & Flails
  7644 | D:10     | Entered Level 10 of the Dungeon
  7655 | D:10     | Noticed Vruhak's ghost (journeyman KoBr)
  7667 | D:10     | Found a flagged portal.
  7692 | D:10     | Reached skill level 5 in Maces & Flails
  7735 | Bailey   | Entered a bailey
  7780 | Bailey   | Reached skill level 6 in Maces & Flails
  7872 | Bailey   | Reached XP level 10. HP: 52/58 MP: 7/11
  7916 | Bailey   | Noticed a vault guard
  7932 | Bailey   | Killed a vault guard
  7933 | Bailey   | Reached skill level 7 in Maces & Flails
  7999 | Bailey   | Noticed a vault guard
  8012 | Bailey   | Killed a vault guard
  8013 | Bailey   | Reached skill level 8 in Maces & Flails
  8199 | D:10     | Found a staircase to the Lair.
  8247 | D:10     | Paralysed by a hornet for 1 turns
  8328 | D:10     | Found a runed translucent gate.
  8328 | D:10     | Identified the +2 robe of the Volcano {Archmagi}
  8329 | D:10     | Found a runed translucent gate.
  8330 | D:10     | Found a runed translucent gate.
  8490 | D:10     | Reached skill level 9 in Maces & Flails
  8490 | D:10     | Gained mutation: You are hated by all. [Ru sacrifice]
  8490 | D:10     | Reached ***** piety under Ru
  8510 | D:10     | Noticed Josephine
  8530 | D:10     | Killed Josephine
  8604 | D:10     | Found a staircase to the Orcish Mines.
  8679 | D:10     | Reached skill level 10 in Maces & Flails
  8722 | D:10     | Found a radiant altar of Vehumet.
  8730 | D:10     | Found an ancient bone altar of Kikubaaqudgha.
  8761 | D:10     | Got Kikubaaqudgha's Grimoire of Cadavers
  8841 | D:10     | Found a shimmering blue altar of Sif Muna.
  9169 | D:9      | Killed Vruhak's ghost
  9267 | D:10     | Reached XP level 11. HP: 46/62 MP: 9/12
  9660 | D:11     | Noticed a two-headed ogre
  9660 | D:11     | Noticed a two-headed ogre
  9677 | D:11     | Killed a two-headed ogre
  9678 | D:11     | Reached skill level 11 in Maces & Flails
  9692 | D:11     | Noticed a catoblepas
  9817 | Lair:1   | Entered Level 1 of the Lair of Beasts
 10195 | Lair:1   | Found a gate leading to a gauntlet.
 10204 | Gauntlet | Entered a Gauntlet
 10204 | Gauntlet | Noticed a soul eater
 10204 | Gauntlet | Found a transporter.
 10214 | Gauntlet | Found a transporter.
 10221 | Gauntlet | Noticed a soul eater
 10229 | Gauntlet | Found a transporter.
 10234 | Gauntlet | Found a transporter.
 10234 | Gauntlet | Noticed a death yak
 10235 | Gauntlet | Noticed a death yak
 10235 | Gauntlet | Noticed a death yak
 10250 | Gauntlet | Found a transporter.
 10269 | Gauntlet | Found a transporter.
 10275 | Gauntlet | Noticed a death yak
 10281 | Gauntlet | Found a transporter.
 10289 | Gauntlet | Noticed a quicksilver ooze
 10293 | Gauntlet | Found a transporter.
 10304 | Gauntlet | Noticed a great orb of eyes
 10305 | Gauntlet | Found a transporter.
 10317 | Gauntlet | Found a transporter.
 10323 | Gauntlet | Found a transporter.
 10343 | Gauntlet | Found a transporter.
 10363 | Gauntlet | Found a transporter.
 10388 | Gauntlet | Found a transporter.
 10390 | Gauntlet | Found a transporter.
 10410 | Gauntlet | Found a transporter.
 10488 | Gauntlet | Found a transporter.
 10508 | Gauntlet | Found a transporter.
 10648 | Gauntlet | Killed a soul eater
 10747 | Gauntlet | Killed a soul eater
 10833 | Gauntlet | Identified the +2 gold dragon scales of Idealism {rPois rF+
                  | rC+ rN+}
 10878 | Gauntlet | Identified the ring of Leofiuf {*Slow rPois rN+ rCorr
                  | Stlth+}
 10894 | Gauntlet | Noticed a minotaur
 10903 | Gauntlet | Demolished by a minotaur

Illustrated notes

Levels and vault maps discovered:
D:1:      scummos_arrival_hexagon, layout_rooms,
          hellmonk_ecumenical_altar_run_dry
D:2:      layout_rooms
D:3:      layout_loops_corners, uniq_sigmund
D:4:      layout_layer_cave, lemuel_crystal_altar, minmay_temple_entry_junction
D:5:      layout_basic, nicolae_titane, uniq_pikel, uniq_grinder
D:6:      layout_cave_pools, nemelex_xobeh_ov_fountains_minmay,
          minmay_ruined_shrine, uniq_jeremiah, uniq_prince_ribbit1
D:7:      kennysheep_kobold_camp, layout_rooms, serial_bayou,
          serial_bayou_pond_a, serial_bayou_pond_b, serial_bayou_shore_b,
          serial_bayou_pond_d
D:8:      layout_basic, overflow_temple_1_default, abandoned_shop
D:9:      layout_loops_ring, hangedman_abyss_or_decor_passed, uniq_maggie
D:10:     layout_roguey, palyth_temple_overflow_mages,
          grunt_lair_entry_orc_guard_hut, orc_0_dummy, enter_bailey_5,
          biasface_ghost_orc_armoury, uniq_josephine
D:11:     minmay_roctagon, layout_layer_cave
Lair:1:   layout_loops_ring, gauntlet_entry_generic, lemuel_old_faithful,
          grunt_megastairs_3
Gauntlet: gammafunk_gauntlet_one_two_three [gammafunk_gauntlet_arena_spirals,
          nicolae_gauntlet_swirl, gammafunk_gauntlet_arena_teeth,
          gammafunk_gauntlet_arena_mazey, gammafunk_gauntlet_arena_arrow_garden,
          gammafunk_gauntlet_arena_chambers, nicolae_gauntlet_arena_quarters,
          nicolae_gauntlet_arena_x, gammafunk_gauntlet_arena_crates,
          gauntlet_exit_hidden_loot]

Skill      XL: |  1  2  3  4  5  6  7  8  9 10 11 |
---------------+----------------------------------+-----
Short Blades   | 2 1 3 |  3.0
Fighting       | 3 3 4 5 6 9 |  9.0
Dodging        | 2 1 2 |  2.0
Armour         | 1 2 1 5 |  5.0
Stealth        | 5 |  5.4
Evocations     | 2 3 5 |  5.0
Throwing       | 1 3 |  3.1
Maces & Flails | 6 10 11 | 11.9

Action                     |  1- 3 |  4- 6 |  7- 9 | 10-12 || total
---------------------------+-------+-------+-------+-------++-------
  Melee: Short sword       |   112 |   146 |       |       ||   258
         Bite              |    31 |    64 |   241 |   137 ||   473
         Punch             |       |     2 |     6 |     7 ||    15
         Dagger            |       |    29 |   487 |       ||   516
         Rapier            |       |     4 |       |       ||     4
         Whip              |       |     3 |       |       ||     3
         Mace              |       |       |   207 |   424 ||   631
  Throw: Boomerang         |       |       |    23 |     9 ||    32
         Dart              |       |       |     4 |     9 ||    13
 Invoke: Sacrifice Skill   |       |     1 |       |       ||     1
         Sacrifice Arcana  |       |       |     1 |       ||     1
         Sacrifice Experie |       |       |     1 |       ||     1
         Power Leap        |       |       |       |     2 ||     2
         Sacrifice Love    |       |       |       |     1 ||     1
         Draw Out Power    |       |       |       |     1 ||     1
         Reject Sacrifices |       |       |       |     1 ||     1
  Evoke: Wand              |       |       |       |     6 ||     6
    Use: Scroll            |     1 |     5 |     6 |    12 ||    24
         Potion            |       |     1 |     5 |     6 ||    12
   Stab: Sleeping          |     4 |       |       |       ||     4
         Distracted        |     1 |     1 |     1 |     1 ||     4
         Invisible         |       |       |     1 |     3 ||     4
 Armour: Leather armour    |     2 |       |       |       ||     2
         Scale mail        |    47 |    18 |       |       ||    65
         Plate armour      |       |    68 |   370 |    29 ||   467
         Chain mail        |       |       |       |   178 ||   178
         Gold dragon scale |       |       |       |     4 ||     4
  Dodge: Dodged            |    67 |    41 |   185 |   136 ||   429

Table legend: (Time is in decaauts)
 A = Elapsed time spent in this place.
 B = Non-inter-level travel time spent in this place.
 C = Inter-level travel time spent in this place.
 D = Time resting spent in this place.
 E = Time spent auto-exploring this place.
 F = Levels seen in this place.
 G = Mean time per level.
                   A        B        C        D        E       F      G
               +--------+--------+--------+--------+--------+-----+--------+
         Total |  10652 |   9868 |    784 |   1099 |   5225 |  14 |  760.9 |
       Dungeon |   9197 |   8413 |    784 |    912 |   4768 |  11 |  836.1 |
          Lair |    374 |    374 |      0 |     43 |    101 |   1 |  374.0 |
        Bailey |    409 |    409 |      0 |    100 |     53 |   1 |  409.0 |
      Gauntlet |    671 |    671 |      0 |     44 |    303 |   1 |  671.0 |
               +--------+--------+--------+--------+--------+-----+--------+

Top non-repeatable levels by time:
     D:4: 1195 daAuts
    D:10: 1175 daAuts
     D:7: 1120 daAuts
     D:5: 1072 daAuts
     D:3: 1011 daAuts
     D:9: 899 daAuts
     D:8: 837 daAuts
Gauntlet: 671 daAuts
     D:1: 539 daAuts
     D:6: 511 daAuts
    D:11: 421 daAuts
     D:2: 411 daAuts
  Bailey: 409 daAuts
  Lair:1: 374 daAuts
